 Dungeon Crawl Stone Soup version 0.28.0-43-g3370ac3207 (webtiles) character file.

Game seed: 10111908627401837366

13278 protoss039 the Thaumaturge (level 11, -2/64 HPs)
             Began as a Deep Elf Earth Elementalist on Mar 3, 2022.
             Was an Elder of Sif Muna.
             Shot with an arrow by a centaur (5 damage)
             ... led by a centaur warrior
             ... on level 11 of the Dungeon.
             The game lasted 00:40:04 (11286 turns).

protoss039 the Thaumaturge (DEEE)                  Turns: 11286, Time: 00:40:05

Health: -2/64      AC:  7    Str:  5    XL:     11   Next: 73%
Magic:  23/40      EV: 13    Int: 27    God:    Sif Muna [****..]
Gold:   620        SH:  0    Dex: 18    Spells: 25/38 levels left

rFire   + . .      SeeInvis +   E - +5 short sword
rCold   + . .      Faith    .   (no shield)
rNeg    . . .      Spirit   .   k - +1 robe "Qeapeiw" {Int+2}
rPois   .          Reflect  .   T - +0 hat {SInv}
rElec   +          Harm     .   A - +1 cloak
rCorr   +          Rampage  +   r - -1 pair of gloves of the Shining Light {Rampage rF+ rC+ Dex+3}
Will    +....                   l - +1 pair of boots of Thoughtfulness {rElec}
Stlth   ++........              t - amulet of magic regeneration
HPRegen 0.20/turn               H - ring of magical power
MPRegen 0.67/turn               U - ring of resist corrosion

@: studying Summonings, invisible
A: no striking features
a: Renounce Religion, Channel Magic, Forget Spell, Divine Exegesis


You were on level 11 of the Dungeon.
You worshipped Sif Muna.
Sif Muna was greatly pleased with you.
You visited 2 branches of the dungeon, and saw 12 of its levels.
You also visited: Ossuary.

You collected 620 gold pieces.

Inventory:

Hand Weapons
 E - a +5 short sword (weapon)
 N - a +4 scimitar of flaming
Missiles
 c - 139 stones
Armour
 k - the +1 robe "Qeapeiw" (worn) {Int+2}
   (You found it on level 2 of the Dungeon)

   Int:       It affects your intelligence (+2).
 l - the +1 pair of boots of Thoughtfulness (worn) {rElec}
   (You found it on level 3 of the Dungeon)

   rElec:     It insulates you from electricity.
 r - the -1 pair of gloves of the Shining Light (worn) {Rampage rF+ rC+ Dex+3}
   (You found it on level 4 of the Dungeon)

   Dex:       It affects your dexterity (+3).
   rF:        It protects you from fire.
   rC:        It protects you from cold.
   Rampage:   It bestows one free step when moving towards enemies.
 A - a +1 cloak (worn)
 P - +0 acid dragon scales
 S - a +1 hat of intelligence
 T - a +0 hat of see invisible (worn)
Magical Staves
 m - a staff of poison
Jewellery
 j - a ring of protection from cold
 t - an amulet of magic regeneration (around neck)
 D - a ring of fire
 F - a ring of magical power
 H - a ring of magical power (left hand)
 U - a ring of resist corrosion (right hand)
Wands
 g - a wand of digging (3)
 w - a wand of mindburst (5)
 y - a wand of paralysis (10)
 Q - a wand of charming (10)
 R - a wand of flame (12)
 V - a wand of polymorph (11)
 X - a wand of iceblast (4)
Scrolls
 a - a scroll of identify
 d - a scroll of brand weapon {unknown}
 e - 2 scrolls of noise {unknown}
 h - a scroll of blinking
 n - 2 scrolls of enchant weapon {unknown}
 o - 4 scrolls of teleportation
 p - a scroll of immolation {unknown}
 v - 2 scrolls of magic mapping {unknown}
 C - 2 scrolls of amnesia {unknown}
 G - a scroll of fog {unknown}
 J - a scroll of silence {unknown}
 L - a scroll of torment {unknown}
 M - 2 scrolls of fear {unknown}
 Z - a scroll of vulnerability {unknown}
Potions
 b - a potion of brilliance
 f - a potion of lignification {unknown}
 i - 4 potions of flight
 q - 11 potions of curing
 s - 4 potions of might
 u - a potion of degeneration {unknown}
 z - 6 potions of resistance
 B - a potion of cancellation {unknown}
 I - 2 potions of haste
 K - a potion of attraction {unknown}
 O - a potion of magic {unknown}
 W - a potion of invisibility
 Y - a potion of mutation {unknown}


   Skills:
 * Level 5.3 Fighting
 - Level 3.0 Dodging
 - Level 3.0 Stealth
 + Level 14.4 Spellcasting
 + Level 5.9 Conjurations
 - Level 2.0 Transmutations
 - Level 2.0 Air Magic
 + Level 11.7 Earth Magic
 - Level 1.0 Poison Magic
 * Level 7.7 Invocations


You had 25 spell levels left.
You knew the following spells:

 Your Spells              Type           Power      Damage    Failure   Level
a - Sandblast             Erth           100%       2d20      1%          1
b - Passwall              Tmut/Erth      45%        N/A       1%          2
c - Stone Arrow           Conj/Erth      100%       3d13      1%          3
d - Petrify               Tmut/Erth      54%        N/A       1%          4
e - Mephitic Cloud        Conj/Pois/Air  35%        N/A       2%          3

Your spell library contained the following spells:

 Spells                   Type           Power      Damage    Failure   Level
 Magic Dart               Conj           100%       1d8       1%          1
 Corpse Rot               Necr/Air       48%        N/A       2%          2
 Call Imp                 Summ           19%        N/A       4%          2
 Ignite Poison            Fire/Tmut/Pois 24%        N/A       5%          3
 Portal Projectile        Hex/Tloc       38%        N/A       9%          3
 Dispel Undead            Necr           19%        3d11      26%         4
 Freezing Cloud           Conj/Ice/Air   16%        6-21      26%         5
 Blade Hands              Tmut           15%        N/A       32%         5
 Excruciating Wounds      Necr           9%         N/A       58%         5
 Death Channel            Necr           9%         N/A       99%         6


Dungeon Overview and Level Annotations

Branches:
Dungeon (11/15)            Temple (1/1) D:5            Lair (0/6) D:10
    Orc (0/2) D:10        Ossuary (visited)

Altars:
Ashenzari
Cheibriados
Dithmenos
Elyvilon
Fedhas
Gozag
Hepliaklqana
Kikubaaqudgha
Makhleb
Nemelex Xobeh
Okawaru
Qazlal
Ru
Sif Muna
Trog
Uskayaw
Vehumet
Wu Jian
Xom
Yredelemnul
Zin
The Shining One

Shops:
D:5 =

Portals:
Trove: D:11 (give +2 shadow dragon scales)


Message History

Aiming: Stone Arrow (safe; 1% risk of failure)
Press: ? - help, Shift-Dir - straight line, f/p - centaur
Aim: a centaur, wielding a +0 shortbow and quivering arrows (moderately wounded, 87% to hit)
Okay, then.
Press: ? - help, v - describe, . - travel
Here: a centaur warrior, wielding a +0 longbow and quivering arrows (moderately wounded)
The floor.
Casting: Stone Arrow (safe; 1% risk of failure)
Confirm with . or Enter, or press ? or * to list all spells.
Aiming: Stone Arrow (safe; 1% risk of failure)
Press: ? - help, Shift-Dir - straight line, f - centaur warrior, p - centaur
Aim: a centaur warrior, wielding a +0 longbow and quivering arrows (moderately wounded, 84% to hit)
Okay, then.
Casting: Stone Arrow (safe; 1% risk of failure)
Confirm with . or Enter, or press ? or * to list all spells.
Aiming: Petrify (dangerous; 1% risk of failure)
Press: ? - help, Shift-Dir - straight line, f/p - centaur
Aim: a centaur, wielding a +0 shortbow and quivering arrows (moderately wounded, chance to affect: 73%)
The centaur is moving more slowly.
The centaur shoots an arrow.
The arrow barely misses you.
The centaur shoots an arrow.
The arrow hits you!
The centaur warrior unwields a +0 longbow.
The centaur warrior hits you!
* * * LOW HITPOINT WARNING * * *
The centaur warrior barely misses you.
Unknown command.
Unknown command.
Okay, then.
Blink to where?
Press: ? - help, Dir - move target, p - centaur
As you read the scroll of blinking, it crumbles to dust.
The centaur shoots an arrow.
The arrow hits you.
* * * LOW HITPOINT WARNING * * *
Unknown command.
Unknown command.
You fade into invisibility!
The centaur shoots an arrow.
The arrow closely misses you.
The centaur warrior wields a +0 longbow.
The centaur warrior shoots an arrow.
The arrow hits the centaur!!
The centaur shoots an arrow.
The arrow hits you.
You die...

#................###.....#.....##
##.##..#..........#............##
#######.......................##
#......##...#...............
#####..#..###.###.c<.......##..
##...##.....##..##.......<..###.
#...............##..........##..
###...#....##.#.#..#.........##.
##...##.#####@.).#........[##.
##.......#....cc####......#..
####................# #.........
##..........##......ยง#
####.##.#.
#....................#########.##
##..........##...........## #....
###......................####...
#.....................)...#...
###.............<........(.>..


You could see a centaur warrior and a centaur (petrifying).

Vanquished Creatures
  A vault guard (D:11)
  A hydra (D:10)
  Erica (D:8)
  2 two-headed ogres
  A skeletal warrior (D:11)
  Pikel (D:8)
  2 deep elf pyromancers (D:9)
  A cyclops (D:7)
  Maggie (D:8)
  A gargoyle (D:10)
  2 trolls
  2 hornets
  3 shadows
  A vampire (D:10)
  A wraith (D:11)
  A steam dragon (D:8)
  Grum (D:11)
  4 vampire mosquitoes (D:11)
  An acid dragon (D:10)
  A swamp drake (D:9)
  A sky beast (D:7)
  2 ice beasts (D:7)
  A necrophage (D:7)
  2 ogres
  6 centaurs
  6 wolves
  A phantom (D:5)
  2 lemures (D:8)
  A kobold brigand (D:9)
  A gnoll sergeant (D:4)
  3 bullfrogs
  A scorpion (D:5)
  4 water moccasin zombies (Ossuary)
  A water moccasin skeleton (D:6)
  25 wights
  3 electric eels (D:10)
  3 howler monkeys
  A crimson imp (D:9)
  A bullfrog zombie (D:6)
  3 centaur zombies
  5 hounds
  An iron imp (D:9)
  A jelly (D:6)
  A centaur skeleton (D:5)
  5 orc priests
  3 bullfrog skeletons
  2 iguanas
  9 orc wizards
  A scorpion zombie (D:5)
  A killer bee zombie (D:6)
  2 mummies (Ossuary)
  2 howler monkey zombies
  A howler monkey skeleton (D:7)
  3 gnolls (D:4)
  3 adders
  A shadow imp (D:9)
  A white imp (D:9)
  An ufetubus (D:7)
  5 adder zombies (Ossuary)
  A dart slug (D:3)
  28 orcs
  3 endoplasms
  5 giant cockroaches
  8 goblins
  6 hobgoblins
  2 jackals (D:2)
  A quokka (D:2)
  3 ball pythons
  11 bats
  3 frilled lizards
  4 gnoll zombies (Ossuary)
  2 hobgoblin zombies (Ossuary)
  10 kobolds
  7 kobold zombies (Ossuary)
  4 orc zombies (Ossuary)
  7 rats
250 creatures vanquished.

Notes
Turn   | Place    | Note
-------+----------+-------------------------------------------
     0 | D:1      | protoss039 the Deep Elf Earth Elementalist began the quest
                  | for the Orb.
     0 | D:1      | Reached XP level 1. HP: 10/10 MP: 6/6
   348 | D:1      | Reached XP level 2. HP: 15/15 MP: 6/8
   830 | D:1      | Found a faded altar of an unknown god.
  1031 | D:1      | Learned a level 2 spell: Passwall
  1085 | D:2      | Reached XP level 3. HP: 8/19 MP: 5/10
  1745 | D:2      | Reached skill level 4 in Spellcasting
  1846 | D:2      | Identified the +1 robe "Qeapeiw" {Int+2}
  2064 | D:3      | Learned a level 3 spell: Stone Arrow
  2223 | D:3      | Reached XP level 4. HP: 24/24 MP: 12/12
  2274 | D:3      | Found the +18 Lear's hauberk
  2310 | D:3      | Identified the +1 pair of boots of Thoughtfulness {rElec}
  2829 | D:3      | Found an opulent altar of Gozag.
  3368 | D:4      | Noticed a bullfrog
  3370 | D:4      | Killed a bullfrog
  3371 | D:4      | Reached XP level 5. HP: 28/28 MP: 9/14
  3373 | D:4      | Reached skill level 5 in Spellcasting
  3397 | D:4      | Reached skill level 5 in Earth Magic
  3867 | D:4      | Identified the -1 pair of gloves of the Shining Light
                  | {Rampage rF+ rC+ Dex+3}
  3921 | D:4      | Found a sparkling altar of Nemelex Xobeh.
  3921 | D:4      | Found a burning altar of Makhleb.
  4018 | D:4      | Reached skill level 6 in Spellcasting
  4018 | D:4      | Reached XP level 6. HP: 25/32 MP: 10/17
  4148 | D:4      | Learned a level 4 spell: Petrify
  4149 | D:5      | Entered Level 5 of the Dungeon
  4204 | D:5      | Found Jyhoew's Jewellery Emporium.
  4354 | D:5      | Reached skill level 7 in Spellcasting
  4372 | D:5      | Found a staircase to the Ecumenical Temple.
  4506 | D:5      | Reached XP level 7. HP: 33/36 MP: 10/19
  4567 | Temple   | Entered the Ecumenical Temple
  4654 | Temple   | Became a worshipper of Sif Muna the Loreminder
  4743 | D:5      | Reached skill level 1 in Invocations
  4859 | D:5      | Reached skill level 1 in Fighting
  5039 | D:5      | Found a snail-covered altar of Cheibriados.
  5327 | D:6      | Reached skill level 8 in Spellcasting
  5416 | D:6      | Reached XP level 8. HP: 44/44 MP: 18/22
  5429 | D:6      | Reached * piety under Sif Muna
  5477 | D:6      | Reached skill level 1 in Conjurations
  5584 | D:6      | Reached skill level 9 in Spellcasting
  6121 | D:7      | Found a shadowy altar of Dithmenos.
  6353 | D:7      | Noticed a two-headed ogre
  6464 | D:7      | Reached XP level 9. HP: 44/50 MP: 13/24
  6505 | D:7      | Noticed a cyclops
  6925 | D:7      | Killed a cyclops
  6926 | D:7      | Reached skill level 10 in Spellcasting
  6988 | D:7      | Found a broken altar of Ashenzari.
  7396 | D:8      | Found a sand-covered staircase.
  7401 | Ossuary  | Entered an ossuary
  7430 | Ossuary  | Reached ** piety under Sif Muna
  7671 | D:8      | Noticed Maggie
  7676 | D:8      | Killed Maggie
  7677 | D:8      | Reached skill level 11 in Spellcasting
  7678 | D:8      | Noticed Pikel
  7700 | D:8      | Killed Pikel
  7701 | D:8      | Reached skill level 5 in Invocations
  7701 | D:8      | Reached XP level 10. HP: 17/56 MP: 9/27
  8069 | D:8      | Noticed a two-headed ogre
  8069 | D:8      | Noticed Erica
  8096 | D:8      | Killed Erica
  8096 | D:8      | Reached *** piety under Sif Muna
  8097 | D:8      | Reached skill level 12 in Spellcasting
  8097 | D:8      | Reached skill level 10 in Earth Magic
  8135 | D:8      | Killed a two-headed ogre
  8433 | D:9      | Learned a level 3 spell: Mephitic Cloud
  8555 | D:9      | Noticed a deep elf pyromancer
  8561 | D:9      | Killed a deep elf pyromancer
  8562 | D:9      | Reached skill level 1 in Air Magic
  8562 | D:9      | Reached skill level 1 in Poison Magic
  8659 | D:9      | Noticed a deep elf pyromancer
  8661 | D:9      | Killed a deep elf pyromancer
  8662 | D:9      | Reached skill level 13 in Spellcasting
  9108 | D:9      | Reached **** piety under Sif Muna
  9340 | D:10     | Entered Level 10 of the Dungeon
  9359 | D:10     | Reached XP level 11. HP: 62/62 MP: 27/30
  9427 | D:10     | Found a staircase to the Lair.
  9792 | D:10     | Found a staircase to the Orcish Mines.
  9841 | D:10     | Noticed a five-headed hydra
  9867 | D:10     | Killed a five-headed hydra
  9868 | D:10     | Reached skill level 5 in Conjurations
 10091 | D:10     | Found an ancient bone altar of Kikubaaqudgha.
 10092 | D:10     | Found a stormy altar of Qazlal.
 10095 | D:10     | Found a basalt altar of Yredelemnul.
 10096 | D:10     | Found a radiant altar of Vehumet.
 10096 | D:10     | Found an ornate altar of the Wu Jian Council.
 10096 | D:10     | Found a glowing golden altar of the Shining One.
 10332 | D:11     | Noticed Grum
 10335 | D:11     | Killed Grum
 10470 | D:11     | Noticed a centaur warrior
 10579 | D:11     | Noticed a vault guard
 10583 | D:11     | Killed a vault guard
 10584 | D:11     | Reached skill level 5 in Fighting
 10584 | D:11     | Reached skill level 14 in Spellcasting
 10602 | D:11     | Found a portal to a secret trove of treasure.
 11088 | D:11     | Noticed a skeletal warrior
 11088 | D:11     | Noticed a skeletal warrior
 11089 | D:11     | Noticed a skeletal warrior
 11089 | D:11     | Noticed a skeletal warrior
 11168 | D:11     | Noticed a two-headed ogre
 11172 | D:11     | Killed a two-headed ogre
 11212 | D:11     | Noticed a skeletal warrior
 11216 | D:11     | Killed a skeletal warrior
 11285 | D:11     | HP: 3/64 [centaur/arrow[a centaur warrior] (4)]
 11286 | D:11     | Shot with an arrow by a centaur

Illustrated notes

Levels and vault maps discovered:
D:1:      nicolae_arrival_washed_ashore, layout_loops_corners,
          hellmonk_ecumenical_altar_slurped_away
D:2:      minmay_diamond_boxcup, layout_rooms
D:3:      layout_basic, grunt_gozag_statues
D:4:      layout_loops_ring, mainiacjoe_overflow_divided_tiny, lightli_minifort
D:5:      layout_loops_corners, mainiacjoe_overflow_boulevard,
          minmay_temple_entry_poolview, serial_shops, shop,
          minmay_splitting_lines, minmay_manual_mares
D:6:      layout_basic
D:7:      layout_layer_cave, ashenzari_altar_1, lemuel_crystal_altar,
          nicolae_fountain_basement
D:8:      layout_basic, enter_ossuary_2, enter_bailey_2, eino_tiny_chamber,
          chequers_serial_rivers_room_b, grunt_ministairs_5, uniq_pikel,
          uniq_maggie, uniq_erica
D:9:      layout_long_grid, hangedman_minor_magic
D:10:     layout_small_grid, grunt_temple_overflow_open, erik_lair_island,
          orc_0_dummy, lightli_fourway_metalbox
D:11:     layout_cave_pools, enter_trove_5, hangedman_tell_no_tales, uniq_grum
Temple:   compressed_dpeg_circular_temple

Skill      XL: |  1  2  3  4  5  6  7  8  9 10 11 |
---------------+----------------------------------+-----
Stealth        | 3 |  3.0
Dodging        | 3 |  3.0
Earth Magic    | 4 5 6 7 8 9 10 11 | 11.7
Spellcasting   | 4 6 7 8 9 11 13 14 | 14.4
Transmutations | 2 |  2.0
Invocations    | 2 3 5 6 7 |  7.7
Fighting       | 1 3 4 5 |  5.3
Conjurations   | 2 4 5 |  5.9
Air Magic      | 1 2 |  2.0
Poison Magic   | 1 |  1.0

Action                   |  1- 3 |  4- 6 |  7- 9 | 10-12 || total
-------------------------+-------+-------+-------+-------++-------
Melee: Unarmed           |    12 |       |       |       ||    12
       Dagger            |    70 |    16 |       |       ||    86
       Punch             |     1 |       |       |       ||     1
       Short sword       |       |       |     7 |     8 ||    15
 Cast: Sandblast         |    22 |    38 |    56 |    39 ||   155
       Stone Arrow       |       |     5 |    97 |   138 ||   240
       Passwall          |       |       |     3 |     1 ||     4
       Petrify           |       |       |     1 |     6 ||     7
       Mephitic Cloud    |       |       |       |     2 ||     2
  Use: Scroll            |       |       |     4 |     8 ||    12
       Potion            |       |       |       |     6 ||     6
 Stab: Sleeping          |    10 |     4 |       |     3 ||    17
Armor: Robe              |    30 |     3 |    10 |    20 ||    63
Dodge: Dodged            |    67 |    16 |    21 |    56 ||   160
